 Seeded DCSS version 0.30.0-19-g36f170ea60 (webtiles) character file.

Game seed: 5 (custom seed)

33 Kazon the Chopper (level 3, -3/26 HPs)
             Began as an Octopode Monk on May 26, 2023.
             Slain by an adder (4 damage)
             ... on level 2 of the Dungeon.
             The game lasted 00:02:24 (1073 turns).

Kazon the Chopper (Octopode Monk)                   Turns: 1073, Time: 00:02:25

Health: -3/26      AC:  1    Str: 12    XL:     3   Next: 29%
Magic:  3/3        EV:  9    Int: 18    God:
Gold:   78         SH: 10    Dex: 14    Spells: 2/2 levels left

rFire   x . .        a - +0 hand axe
rCold   + . .        l - +0 tower shield
rNeg    + . .        (helmet restricted)
rPois   .            (no amulet)
rElec   .            d - ring "Seetoe" {Ice rN+ Will- rCorr Int+6}
rCorr   +            (no ring)
SInv    .            (no ring)
Will    .....        (no ring)
Stlth   ++           (no ring)
HPRegen 0.24/turn    (no ring)
MPRegen 0.08/turn    (no ring)
                     (no ring)

%: no passive effects
@: no status effects
A: almost no armour, amphibious, 8 rings, camouflage 1, gelatinous body 1,
(nimble swimmer 1), tentacles
a: no special abilities


You were on level 2 of the Dungeon.
You visited 1 branch of the dungeon, and saw 2 of its levels.

You collected 78 gold pieces.

Inventory:

Hand Weapons
 a - a +0 hand axe (weapon)
Missiles
 i - 3 boomerangs (quivered)
 j - 2 stones
Armour
 c - an orb of light
 l - a +0 tower shield (worn)
Jewellery
 d - the ring "Seetoe" (left tentacle) {Ice rN+ Will- rCorr Int+6}
   (You acquired it on level 1 of the Dungeon)

   [ring of ice]

   It enhances your ice magic.
   Int:       It affects your intelligence (+6).
   rF:        It makes you vulnerable to fire.
   rC:        It protects you from cold.
   rN:        It protects you from negative energy.
   rCorr:     It protects you from acid and corrosion.
   Will:      It decreases your willpower.
Scrolls
 e - a scroll of fog {unknown}
 g - a scroll of vulnerability {unknown}
Potions
 b - a potion of ambrosia
 f - a potion of magic {unknown}
 h - 2 potions of curing {unknown}
 k - a potion of resistance {unknown}


   Skills:
 + Level 3.4 Fighting
 + Level 3.6 Axes
 + Level 3.4 Dodging


You had 2 spell levels left.
You didn't know any spells.
Your spell library was empty.

Dungeon Overview and Level Annotations

Branches:
Dungeon (2/15)

Altars:


Innate Abilities, Weirdness & Mutations

You cannot wear most types of armour.
You are amphibious.
You can wear up to eight rings at the same time.
Your skin changes colour to match your surroundings (Stealth+).
Your rubbery body absorbs attacks. (AC +1, EV +1)
((You are camouflaged when in or above water. (Stealth+)))
You have tentacles for arms and can constrict up to eight enemies at once.


Message History

There are monsters nearby!
A jackal comes into view. x2
A hobgoblin comes into view.
Found a scroll labelled JIYFIZX FOFUA.
A jackal comes into view.
The adder hisses angrily.
The jackal closely misses you. The jackal bites you.
The jackal barks!
You hit the jackal. You grab the jackal.
The jackal is heavily wounded.
You constrict the jackal. The jackal barely misses you.
The adder barely misses you. You block the jackal's attack.
The adder barely misses you.
You completely miss the jackal.
The jackal is almost dead.
You hit the jackal. You closely miss the adder. You constrict the jackal.
You kill the jackal!
You block the jackal's attack. You block the adder's attack.
The jackal bites you. x2
The jackal bites you but does no damage.
The adder bites you.
The jackal closely misses you. x2; The jackal bites you.
You barely miss the jackal. Your grab misses the jackal.
The jackal is moderately wounded.
You hit the adder but do no damage. You closely miss the jackal.
You hit the jackal. You block the adder's attack. The jackal barely misses you.
The jackal closely misses you. The jackal bites you.
A ball python comes into view.
You block the adder's attack. The jackal completely misses you.
The jackal bites you. You block the jackal's attack.
You miss the jackal.
The ball python hisses angrily.
Your grab misses the jackal. You hit the adder. You hit the jackal.
You barely miss the jackal.
The jackal bites you but does no damage.
The jackal bites you. x2; The adder bites you.
* * * LOW HITPOINT WARNING * * *
The jackal bites you.
* * * LOW HITPOINT WARNING * * *
You block the jackal's attack. x2; The adder bites you.
You die...

. .. .## ...
g.## ..
....#
#.#####.....
#...<...#...
####......#
#.....####
#.h@..#
#.Shh.#
........+
###.....S#
#......#
##......
#....?..
#........


You could see an adder, 3 jackals, a hobgoblin (asleep) and a ball python.

Vanquished Creatures
  2 bats (D:1)
  5 endoplasms (D:1)
  A giant cockroach (D:1)
  4 goblins (D:1)
  A hobgoblin (D:1)
  8 jackals
  A kobold (D:1)
  2 ball pythons (D:1)
  A frilled lizard (D:1)
  A rat (D:1)
26 creatures vanquished.

Notes
Turn   | Place    | Note
-------+----------+-------------------------------------------
     0 | D:1      | Kazon the Octopode Monk began the quest for the Orb.
     0 | D:1      | Reached XP level 1. HP: 16/16 MP: 1/1
    32 | D:1      | Identified a scroll of acquirement
    32 | D:1      | Acquired the ring "Seetoe" {Ice rN+ Will- rCorr Int+6}
    50 | D:1      | Reached XP level 2. HP: 16/21 MP: 2/2
   262 | D:1      | Reached XP level 3. HP: 26/26 MP: 3/3
  1073 | D:2      | HP: 1/26 [jackal (3)]
  1073 | D:2      | Slain by an adder

Illustrated notes

Levels and vault maps discovered:
D:1:      ebering_trefoil_3fold, layout_basic, st_stairs_14, serial_bayou_ford_a
D:2:      layout_basic, hangedman_decor_growths, minmay_close_crescents

Action                     || total
---------------------------++-------
  Melee: Hand axe          ||    42
         Constrict         ||    14
         Tentacles         ||     9
    Use: Scroll            ||     1
 Armour: Skin              ||     4
  Dodge: Dodged            ||    37
  Block: Tower shield      ||     8
